 Dungeon Crawl Stone Soup version 0.30-a0-381-g6ea064c7b4 (webtiles) character file.

Game seed: 3102371770369870723

2921 retardedninja the Cleaver (level 9, -11/82 HPs)
             Began as a Hill Orc Fighter on Dec 1, 2022.
             Was an Initiate of Gozag.
             Mangled by Grum
             ... wielding a +0 halberd
              (25 damage)
             ... on level 8 of the Dungeon.
             The game lasted 00:13:41 (10725 turns).

retardedninja the Cleaver (Hill Orc Fighter)       Turns: 10725, Time: 00:13:42

Health: -11/82     AC:  0    Str: 23    XL:     9   Next: 79%
Magic:  9/9        EV: 17    Int:  8    God:    Gozag
Gold:   520        SH:  0    Dex: 15    Spells: 8/8 levels left

rFire   . . .      SeeInvis .    (weapon currently unavailable)
rCold   . . .      Faith    .    (shield currently unavailable)
rNeg    . . .      Spirit   .    (body armour currently unavailable)
rPois   .          Reflect  .    (helmet currently unavailable)
rElec   .          Harm     .    (cloak currently unavailable)
rCorr   .          Rampage  .    (gloves currently unavailable)
Will    .....                    (boots currently unavailable)
Stlth   +.........               (no amulet)
HPRegen 0.33/turn                (ring currently unavailable)
MPRegen 0.11/turn                (ring currently unavailable)

@: bat-form, flying, very quick
A: fast, flying, no casting, tiny
a: Renounce Religion, Potion Petition, Call Merchant, Bribe Branch


You were on level 8 of the Dungeon.
You worshipped Gozag.
Gozag was pleased with you.
You were a bat.
You visited 2 branches of the dungeon, and saw 9 of its levels.
You also visited: Sewer.

You collected 635 gold pieces.
You paid 115 gold pieces to Gozag.

Inventory:

Hand Weapons
 a - a +5 war axe (melded)
Missiles
 k - a javelin
Armour
 c - a +0 buckler (melded)
 d - a +1 pair of gloves (melded)
 h - a +2 pair of boots (melded)
 q - a +2 cloak of willpower (melded)
 t - a +1 chain mail (melded)
Wands
 i - a wand of flame (19)
 p - a wand of quicksilver (2)
Scrolls
 b - a scroll of identify
 e - 4 scrolls of blinking
 m - a scroll of butterflies
 n - a scroll of magic mapping
 s - a scroll of teleportation
 v - a scroll of torment {unknown}
 x - a scroll of amnesia
Potions
 f - 5 potions of magic
 g - a potion of cancellation
 j - a potion of ambrosia {unknown}
 l - a potion of resistance {unknown}
 o - 2 potions of berserk rage
 r - a potion of heal wounds
 w - a potion of brilliance


   Skills:
 + Level 8.7 Fighting
 + Level 9.1 Axes
 + Level 8.0 Armour
 + Level 7.9 Shields


You had 8 spell levels left.
You didn't know any spells.
Your spell library contained the following spells:

 Spells                   Type           Power      Damage    Failure   Level
 Gell's Gravitas          Tloc           0%         N/A       78%         3
 Lesser Beckoning         Tloc           0%         N/A       78%         3
 Teleport Other           Tloc           0%         N/A       78%         3


Dungeon Overview and Level Annotations

Branches:
Dungeon (8/15)             Temple (1/1) D:4           Sewer (visited)
   Lair: D:8-11

Altars:
Ashenzari
Dithmenos
Elyvilon
Fedhas
Gozag
Hepliaklqana
Kikubaaqudgha
Qazlal
Ru
Sif Muna
Trog
Uskayaw
Vehumet
Wu Jian
Yredelemnul
Zin
The Shining One

Shops:
D:7 [

Annotations:
D:8 Grum


Message History

You feel less strong-willed.
Unknown command.
You hit Grum.
Grum is severely wounded.
The wolf bites you! Grum hits you with a +0 halberd!!
The wolf barely misses you.
You hear a howl!
You hit Grum but do no damage.
Grum is severely wounded.
The wolf closely misses you. Grum hits you with a +0 halberd!
Unknown command.
You are too injured to fight recklessly!
Unknown command.
You are too injured to fight recklessly!
You are too injured to fight recklessly!
You hit Grum but do no damage.
Grum is severely wounded.
The wolf bites you! The wolf misses you. Grum hits you with a +0 halberd!
* * * LOW HITPOINT WARNING * * *
You feel much better. The wolf bites you. Grum hits you with a +0 halberd!
* * * LOW HITPOINT WARNING * * *
You hit Grum.
Grum is severely wounded.
The wolf misses you. The wolf barely misses you. Grum completely misses you.
You barely miss Grum.
Grum is severely wounded.
The wolf barely misses you.
You hit Grum but do no damage.
Grum is severely wounded.
The wolf bites you!
* * * LOW HITPOINT WARNING * * *
Grum closely misses you. The wolf misses you.
You hit Grum.
Grum is almost dead.
The wolf closely misses you. Grum completely misses you.
You hit Grum but do no damage.
Grum is almost dead.
The wolf completely misses you. Grum hits you with a +0 halberd!!
You die...
Your body crumbles into a pile of gold.

#.
######....#####.#
####
##..#.....#####
..# #......####
... ###....##
....# ##....##
....# ##....##
.....# ###..$##
##...## ##..b#
##.hg# ###h.#
#... #... #....
#... ... ..##..


You could see Grum and 2 wolves.

Vanquished Creatures
  Sigmund (D:6)
  3 water moccasins
  An ogre (D:5)
  A black bear (D:4)
  A sky beast (D:7)
  An ice beast (D:6)
  A centaur (D:6)
  A wolf (D:8)
  A kobold brigand (D:8)
  3 phantoms (D:5)
  6 bullfrogs
  A necrophage (D:5)
  A gnoll sergeant (D:5)
  An electric eel (D:7)
  A hound (D:5)
  2 gnoll boudas
  3 orc priests
  Crazy Yiuf (D:3)
  3 iguanas
  Natasha (thrice) (D:2)
  4 orc wizards
  A mummy (D:6)
  10 adders
  27 gnolls
  10 river rats
  A shadow imp (D:5)
  2 ufetubi (D:6)
  2 worms
  3 dart slugs
  22 orcs
  7 bats
  9 endoplasms
  6 giant cockroaches
  9 goblins
  7 hobgoblins
  7 quokkas
  14 ball pythons
  7 frilled lizards
  A hobgoblin zombie (D:6)
  12 kobolds
  An orc zombie (D:6)
  23 rats
221 creatures vanquished.

Vanquished Creatures (others)
  A ball python (D:6)
1 creature vanquished.

Grand Total: 222 creatures vanquished

Notes
Turn   | Place    | Note
-------+----------+-------------------------------------------
     0 | D:1      | retardedninja the Hill Orc Fighter began the quest for the
                  | Orb.
     0 | D:1      | Reached XP level 1. HP: 19/19 MP: 1/1
   122 | D:1      | Found a faded altar of an unknown god.
   184 | D:1      | Reached XP level 2. HP: 27/27 MP: 2/2
   206 | D:1      | Reached skill level 3 in Axes
   553 | D:1      | Reached XP level 3. HP: 29/33 MP: 3/3
  1080 | D:2      | Reached XP level 4. HP: 29/40 MP: 4/4
  1509 | D:2      | Noticed Natasha
  1516 | D:2      | Killed Natasha
  1621 | D:2      | Noticed Natasha
  1633 | D:2      | HP: 2/41 [crimson imp[Natasha] (2)]
  1635 | D:2      | Killed Natasha
  1636 | D:2      | Reached skill level 4 in Axes
  1636 | D:2      | Reached XP level 5. HP: 2/47 MP: 5/5
  2146 | D:2      | Noticed Natasha
  2157 | D:2      | Killed Natasha
  2990 | D:3      | Found a runed translucent door.
  2991 | D:3      | Noticed Crazy Yiuf
  3215 | D:3      | Killed Crazy Yiuf
  3410 | D:3      | Identified the +7 hammer of Discomfort {elec, rPois Str+2}
  3469 | D:4      | Noticed a black bear
  3469 | D:4      | Found a sacrificial altar of Ru.
  3485 | D:3      | Reached skill level 5 in Fighting
  3485 | D:3      | Reached XP level 6. HP: 41/56 MP: 6/6
  3642 | D:4      | Killed a black bear
  3643 | D:4      | Reached skill level 5 in Axes
  3643 | D:4      | Reached skill level 5 in Armour
  3755 | D:4      | Reached skill level 5 in Shields
  3803 | D:4      | Reached XP level 7. HP: 33/61 MP: 7/7
  4476 | D:4      | Found a staircase to the Ecumenical Temple.
  4965 | D:5      | Entered Level 5 of the Dungeon
  5602 | D:6      | Reached skill level 6 in Axes
  5603 | D:6      | Reached XP level 8. HP: 31/71 MP: 8/8
  5910 | D:6      | Found a glowing drain.
  5917 | Sewer    | Entered a sewer
  6624 | D:6      | Noticed Sigmund
  6641 | D:6      | Killed Sigmund
  6642 | D:6      | Reached skill level 7 in Axes
  7156 | D:6      | Found a bloodstained altar of Trog.
  7243 | D:7      | Reached XP level 9. HP: 42/79 MP: 9/9
  7932 | D:7      | Found Itofo's Armour Emporium.
  8050 | D:7      | Reached skill level 8 in Axes
  8427 | D:7      | Found a white marble altar of Elyvilon.
  8581 | Temple   | Entered the Ecumenical Temple
  8622 | Temple   | Became a worshipper of Gozag Ym Sagoz the Greedy
 10085 | D:8      | Found a stormy altar of Qazlal.
 10085 | D:8      | Found a shimmering blue altar of Sif Muna.
 10085 | D:8      | Found a radiant altar of Vehumet.
 10615 | D:8      | Reached skill level 9 in Axes
 10708 | D:8      | Noticed Grum
 10725 | D:8      | Mangled by Grum

Illustrated notes

Levels and vault maps discovered:
D:1:      reono_arrival_forest_river, layout_loops_ring,
          shapermc_ecumenical_altar_venn
D:2:      kennysheep_big_flooded_room, layout_loops_cross, uniq_natasha
D:3:      layout_loops_ring, serial_rivers, chequers_serial_rivers_room_b,
          chequers_serial_rivers_micro_c, chequers_serial_rivers_room_b,
          chequers_serial_rivers_large_b, chequers_serial_rivers_marsh,
          chequers_serial_rivers_small_b, minmay_misc_feat_diagonals,
          minmay_fountain_box, uniq_crazy_yiuf_cottage
D:4:      layout_rooms, lemuel_crystal_altar, minmay_temple_entry_butterflies
D:5:      layout_basic
D:6:      layout_basic, kennysheep_mini_moat, nicolae_ossuary_entry_giza,
          gup_sewer_entry_bubbles, uniq_sigmund
D:7:      layout_cave_pools, elyvilon_altar_4, serial_shops,
          kennysheep_little_box, kennysheep_cross_room, nrook_mini_vaults
D:8:      layout_cave_pods, nemelex_diamond_rough_becter,
          gammafunk_temple_overflow_forgotten, uniq_grum
Temple:   nicolae_temple_bog_church

Skill      XL: |  1  2  3  4  5  6  7  8  9 |
---------------+----------------------------+-----
Axes           | 3 4 5 6 7 9 |  9.1
Fighting       | 4 5 6 7 8 |  8.7
Armour         | 4 5 7 8 |  8.0
Shields        | 4 5 6 7 |  7.9

Action                   |  1- 3 |  4- 6 |  7- 9 || total
-------------------------+-------+-------+-------++-------
Melee: War axe           |    99 |   140 |   457 ||   696
       Unarmed           |       |       |     8 ||     8
Throw: Javelin           |       |       |     3 ||     3
  Use: Potion            |     1 |     5 |    18 ||    24
       Scroll            |       |       |    19 ||    19
 Stab: Invisible         |       |       |     4 ||     4
Armor: Scale mail        |    72 |    76 |   217 ||   365
       Chain mail        |       |       |   133 ||   133
Dodge: Dodged            |    47 |    82 |   255 ||   384
Block: Buckler           |    25 |    48 |   142 ||   215

Table legend: (Time is in decaauts)
 A = Elapsed time spent in this place.
 B = Non-inter-level travel time spent in this place.
 C = Inter-level travel time spent in this place.
 D = Time resting spent in this place.
 E = Time spent auto-exploring this place.
 F = Levels seen in this place.
 G = Mean time per level.
                   A        B        C        D        E       F      G
               +--------+--------+--------+--------+--------+-----+--------+
         Total |  11030 |  10561 |    469 |   4512 |   4208 |  10 | 1103.0 |
       Dungeon |  10318 |   9864 |    454 |   4254 |   4001 |   8 | 1289.8 |
        Temple |     58 |     44 |     14 |      0 |     27 |   1 |   58.0 |
         Sewer |    652 |    652 |      0 |    258 |    179 |   1 |  652.0 |
               +--------+--------+--------+--------+--------+-----+--------+

Top non-repeatable levels by time:
     D:5: 1879 daAuts
     D:2: 1596 daAuts
     D:4: 1443 daAuts
     D:3: 1364 daAuts
     D:7: 1345 daAuts
     D:6: 1132 daAuts
     D:1: 788 daAuts
     D:8: 768 daAuts
   Sewer: 652 daAuts
  Temple: 58 daAuts
